 Dungeon Crawl Stone Soup version 0.31-a0-177-g4aa6249778 (webtiles) character file.

Game seed: 17776688360188661226

48 qw the Chopper (level 3, -4/23 HPs)
             Began as a Gargoyle Fighter on June 18, 2023.
             Slain by a goblin
             ... wielding a +2 dagger of distortion
              (12 damage)
             ... on level 2 of the Dungeon.
             The game lasted 00:00:39 (1402 turns).

qw the Chopper (Gargoyle Fighter)                   Turns: 1402, Time: 00:00:39

Health: -4/23      AC: 12    Str: 21    XL:     3   Next: 72%
Magic:  3/3        EV:  7    Int:  8    God:
Gold:   48         SH:  4    Dex:  9    Spells: 2/2 levels left

rFire   . . .        Y - +2 war axe
rCold   . . .        c - +0 buckler
rNeg    + . .        e - +0 chain mail
rPois   inf          (no helmet)
rElec   +            (no cloak)
rCorr   .            (no gloves)
SInv    .            (no boots)
Will    .....        (no amulet) Stlth
                     (no ring)
HPRegen 0.23/turn    (no ring)
MPRegen 0.08/turn

%: no passive effects
@: no status effects
A: sickness immunity, AC +3, negative energy resistance 1, electricity
resistance, torment resistance 1, petrification resistance
a: no special abilities


You were on level 2 of the Dungeon.
You visited 1 branch of the dungeon, and saw 2 of its levels.

You collected 48 gold pieces.


Innate Abilities, Weirdness & Mutations

You are immune to sickness and miasma.
Your stone body is resilient. (AC +3)
You are immune to poison.
You resist negative energy. (rN+)
You are resistant to electric shocks. (rElec)
You are resistant to unholy torment.
You are immune to petrification.


   Skills:
 - Level 3.2 Fighting
 + Level 3.6 Axes
 - Level 3.2 Armour
 - Level 3.2 Shields


You had 2 spell levels left.
You didn't know any spells.
Your spell library was empty.

Inventory:

Hand Weapons
 j - a +0 club
 Y - a +2 war axe (weapon)
Armour
 c - a +0 buckler (worn)
 e - a +0 chain mail (worn)
 g - a +1 pair of gloves
Scrolls
 b - a scroll of torment {unknown}
Potions
 a - a potion of attraction {unknown}
 d - a potion of might
 f - 4 potions of curing
 h - a potion of brilliance {unknown}
 i - a potion of magic {unknown}

Dungeon Overview and Level Annotations

Branches:
Dungeon (2/15)

Altars:


Message History

The jackal closely misses you.
The jackal bites you but does no damage.
You barely miss the jackal. You hit the jackal. The jackal barely misses you.
The jackal bites you but does no damage. x2
You block the jackal's attack.
You slash the jackal!
You kill the jackal!
You closely miss the jackal. You block the jackal's attack.
You barely miss the jackal. You hit the jackal.
The jackal bites you but does no damage.
The jackal bites you. The jackal closely misses you. The jackal bites you.
You slash the jackal!
You kill the jackal!
You barely miss the jackal. The jackal barely misses you.
You block the jackal's attack.
You closely miss the jackal. You block the jackal's attack.
You slash the jackal!
You kill the jackal!
You start resting.
HP restored.
You see here a hobgoblin corpse.
Found 5 stones.
Enter note:
Enter note: A goblin comes into view.
It is wielding a +2 dagger of distortion.
Enter note:
Enter note: You barely miss the goblin.
You block the goblin's attack.
You barely miss the goblin. The goblin hits you but does no damage.
Space warps horribly around you!
Ouch! That really hurt!
The goblin hits you but does no damage. Space warps around you.
You closely miss the goblin. The goblin hits you but does no damage.
Space warps horribly around you!
Ouch! That really hurt!
You die...

.. .# ..
##. ...
#####.###.#
#...(.g...#
##@######
#.....%.#
#.#####.#
#. #.# #.
#.#
..#####.#
###
###..<.[#
..# #.#####
..# #.#


You could see a goblin.

Vanquished Creatures
  A worm (D:2)
  A dart slug (D:2)
  8 bats
  6 endoplasms
  7 hobgoblins
  3 jackals (D:2)
  4 ball pythons
  2 frilled lizards (D:1)
  A goblin (D:1)
  6 rats
39 creatures vanquished.

Notes
Turn   | Place    | Note
-------+----------+-------------------------------------------
     0 | D:1      | qw the Gargoyle Fighter began the quest for the Orb.
     0 | D:1      | Reached XP level 1. HP: 14/14 MP: 1/1
     0 | D:1      | 0 ||| qw: Version: 0.3-a-7-ge0c9b40
     0 | D:1      | 0 ||| qw: Game counter: 789
     0 | D:1      | 0 ||| qw: Always use a shield: true
     0 | D:1      | 0 ||| qw: God list: Okawaru
     0 | D:1      | 0 ||| qw: Allow faded altars: false
     0 | D:1      | 0 ||| qw: Do Orc after D:15 true
     0 | D:1      | 0 ||| qw: Do second Lair branch before Depths: true
     0 | D:1      | 0 ||| qw: Lair rune preference: random
     0 | D:1      | 0 ||| qw: Plans: Normal, Zot:1-4, Slime:5, God:TSO, Crypt,
                  | Tomb, Abyss, Pan, Hells, Win
     0 | D:1      | 0 ||| PLANNING D:1-11
   170 | D:1      | Reached XP level 2. HP: 19/19 MP: 2/2
   251 | D:1      | 251 ||| Stepping ~*~*~tactically~*~*~ (stealth).
   402 | D:1      | 402 ||| Stepping ~*~*~tactically~*~*~ (stealth).
   416 | D:1      | Reached skill level 3 in Axes
   453 | D:1      | Reached XP level 3. HP: 23/23 MP: 3/3
   859 | D:1      | 859 ||| UPGRADING to +0 chain mail.
   869 | D:1      | 869 ||| DROPPING +0 scale mail.
   870 | D:1      | 870 ||| READING scroll labelled RUAMOTT VEREARGH.
   871 | D:1      | 871 ||| READING scroll labelled VAOKKA TESUFO.
   872 | D:1      | 872 ||| READING scroll labelled MOGHY KILAT.
   877 | D:1      | 877 ||| DRINKING 4 murky grey potions.
   965 | D:2      | 965 ||| Stepping ~*~*~tactically~*~*~ (stealth).
   966 | D:2      | 966 ||| Stepping ~*~*~tactically~*~*~ (stealth).
   976 | D:2      | 976 ||| Stepping ~*~*~tactically~*~*~ (stealth).
   977 | D:2      | 977 ||| Stepping ~*~*~tactically~*~*~ (stealth).
  1000 | D:2      | 1000 ||| READING scroll of enchant weapon.
  1000 | D:2      | 1000 ||| ENCHANTING +1 war axe.
  1118 | D:2      | 1118 ||| Stepping ~*~*~tactically~*~*~ (hiding).
  1402 | D:2      | Slain by a goblin

Levels and vault maps discovered:
D:1:      erik_arrival_cave_to_civilisation [erik_arrival_cave_to_hall],
          layout_basic, minivault_19, minmay_pentomino_x4
D:2:      layout_basic

Skill      XL: |  1  2 |
---------------+-------+-----
Axes           | 2 3 |  3.6
Fighting       | |  3.2
Armour         | |  3.2
Shields        | |  3.2

Action                     || total
---------------------------++-------
  Melee: War axe           ||   109
    Use: Scroll            ||     4
         Potion            ||     1
 Armour: Scale mail        ||    35
         Chain mail        ||    22
  Dodge: Dodged            ||    49
  Block: Buckler           ||    28

Table legend:
 A = Non-vault XP
 B = Vault XP
 C = Vault XP percentage of total XP
 D = Non-vault monster count
 E = Vault monster count
 F = Vault count percentage of total count
                 A         B        C        D         E       F
            +---------+---------+-------+---------+---------+-------
      Total |      62 |       7 |  10.1 |      35 |       4 |  10.3
            +---------+---------+-------+---------+---------+-------
        D:1 |      35 |       7 |  16.7 |      23 |       4 |  14.8
        D:2 |      27 |       0 |   0.0 |      12 |       0 |   0.0
            +---------+---------+-------+---------+---------+-------
